 Dungeon Crawl Stone Soup version 0.29-a0-857-g9b1aa3ac5b (webtiles) character file.

Game seed: 826273914141098149

209 jimonade the Magician (level 5, -6/38 HPs)
             Began as a Gnoll Hedge Wizard on July 17, 2022.
             Mangled by Crazy Yiuf
             ... wielding a +4 quarterstaff of chaos
              (13 damage)
             ... on level 3 of the Dungeon.
             The game lasted 00:05:50 (3335 turns).

jimonade the Magician (Gnoll Hedge Wizard)          Turns: 3335, Time: 00:05:51

Health: -6/38      AC: 13    Str: 12    XL:     5   Next: 87%
Magic:  14/14      EV: 13    Int: 13    God:
Gold:   135        SH:  0    Dex: 11    Spells: 9/18 levels left

rFire   . . .      SeeInvis .   v - +1 mace (protect)
rCold   . . .      Faith    .   (no shield)
rNeg    . . .      Spirit   .   n - +0 robe
rPois   .          Reflect  .   w - +2 helmet
rElec   .          Harm     .   x - +0 cloak
rCorr   .          Rampage  .   (no gloves)
Will    .....                   (no boots)
Stlth   ++........              (no amulet)
HPRegen 0.12/turn               (no ring)
MPRegen 0.14/turn               (no ring)

@: under a protective aura
A: fangs 1, strong nose, distributed training
a: no special abilities


You were on level 3 of the Dungeon.
You visited 1 branch of the dungeon, and saw 3 of its levels.

You collected 135 gold pieces.

Inventory:

Hand Weapons
 a - a +0 dagger
 b - a +0 sling
 h - a +1 dagger of draining
 t - a +0 dagger of flaming
 v - a +1 mace of protection (weapon)
Armour
 c - a +0 hat
 n - a +0 robe (worn)
 o - a +0 scale mail
 r - a +0 plate armour
 w - a +2 helmet (worn)
 x - a +0 cloak (worn)
 y - a +0 leather armour
Scrolls
 e - 3 scrolls of fear {unknown}
 g - 2 scrolls of identify {unknown}
 i - a scroll of enchant armour {unknown}
 k - 3 scrolls of teleportation {unknown}
 l - 2 scrolls of enchant weapon {unknown}
 q - a scroll of magic mapping {unknown}
 s - a scroll of immolation
 u - a scroll of fog {unknown}
Potions
 d - 2 potions of magic
 f - 2 potions of heal wounds {unknown}
 j - a potion of cancellation {unknown}
 m - a potion of brilliance {unknown}
 p - a potion of resistance {unknown}
 z - a potion of degeneration {unknown}


   Skills:
 + Level 1.7 Fighting
 + Level 1.7 Short Blades
 + Level 1.7 Long Blades
 + Level 1.7 Axes
 + Level 1.7 Maces & Flails
 + Level 1.7 Polearms
 + Level 1.7 Staves
 + Level 1.7 Ranged Weapons
 + Level 1.7 Throwing
 + Level 1.7 Armour
 + Level 4.9 Dodging
 + Level 4.5 Stealth
 + Level 1.7 Shields
 + Level 1.7 Unarmed Combat
 + Level 7.3 Spellcasting
 + Level 2.5 Conjurations
 + Level 1.3 Hexes
 + Level 2.5 Summonings
 + Level 1.3 Necromancy
 + Level 2.5 Translocations
 + Level 1.3 Transmutations
 + Level 1.3 Fire Magic
 + Level 1.3 Ice Magic
 + Level 1.3 Air Magic
 + Level 1.3 Earth Magic
 + Level 1.3 Poison Magic
 + Level 2.0 Invocations
 + Level 1.7 Evocations


You had 9 spell levels left.
You knew the following spells:

 Your Spells              Type           Power      Damage    Failure   Level
a - Magic Dart            Conj           44%        1d5       5%          1
b - Blink                 Tloc           22%        N/A       8%          2
c - Conjure Flame         Conj/Fire      9%         6-21      21%         3
d - Mephitic Cloud        Conj/Pois/Air  9%         N/A       22%         3

Your spell library contained the following spells:

 Spells                   Type           Power      Damage    Failure   Level
 Call Imp                 Summ           11%        N/A       8%          2
 Slow                     Hex            32%        N/A       9%          1


Dungeon Overview and Level Annotations

Branches:
Dungeon (3/15)

Altars:
Ru

Annotations:
D:3 Crazy Yiuf


Innate Abilities, Weirdness & Mutations

You have very sharp teeth.
Your uncanny sense of smell can sniff out nearby items.
Your experience applies equally to all skills.


Message History

No target in view!
No target in view!
Your magical contamination has completely faded away.
Found a runed translucent door.
Crazy Yiuf shouts!
You open the door.
The magic dart hits Crazy Yiuf.
Crazy Yiuf is lightly wounded.
You hit Crazy Yiuf but do no damage.
Your weapon exudes an aura of protection.
You punch Crazy Yiuf.
Crazy Yiuf is lightly wounded.
Crazy Yiuf hits you with a +4 quarterstaff of chaos.
Crazy Yiuf barely misses you.
You hit Crazy Yiuf.
Crazy Yiuf is moderately wounded.
Crazy Yiuf completely misses you.
You barely miss Crazy Yiuf.
Crazy Yiuf is moderately wounded.
Crazy Yiuf closely misses you.
You hit Crazy Yiuf.
Crazy Yiuf is moderately wounded.
Crazy Yiuf sings, "Trees, trees, trees, circus!"
Crazy Yiuf drinks a potion.
Crazy Yiuf seems to grow stronger.
Crazy Yiuf hits you with a +4 quarterstaff of chaos!
You closely miss Crazy Yiuf.
Crazy Yiuf is moderately wounded.
Crazy Yiuf barely misses you.
You hit Crazy Yiuf.
Crazy Yiuf is severely wounded.
Crazy Yiuf says, "Cholesterol!
Seed forty-two rumpyflump."
Crazy Yiuf misses you.
You barely miss Crazy Yiuf.
Crazy Yiuf is severely wounded.
Crazy Yiuf hits you with a +4 quarterstaff of chaos!
* * * LOW HITPOINT WARNING * * *
Space warps around you.
* * * LOW HITPOINT WARNING * * *
Crazy Yiuf hits you with a +4 quarterstaff of chaos!
You die...

#############
#...........#
###########.# #.#
##♣♣♣♣♣ #.#
###.P.♣.♣♣♣ ###
#.#
##...PP.♣..♣#...#
######.#
#......♣♣♣♣@g...#
#....#.# #..#..♣♣
♣♣#..)# ##.#.#.#
#.###♣♣ ###
#._....# #.#
##.#.### #.#
#.#.# #.###
#########.#.####
#...####
#......##.#.##.##
###....##
#.............#..
#.#...##
#..###.##.......#


You could see Crazy Yiuf (strong).

Vanquished Creatures
  Jessica (D:2)
  Natasha (thrice) (D:2)
  Terence (D:3)
  Robin (D:3)
  2 adders
  A dart slug (D:3)
  3 ball pythons
  3 endoplasms (D:2)
  A giant cockroach (D:1)
  11 goblins
  5 hobgoblins
  2 jackals (D:3)
  3 kobolds
  3 quokkas
  3 bats
  3 frilled lizards
  7 rats
53 creatures vanquished.

Notes
Turn   | Place    | Note
-------+----------+-------------------------------------------
     0 | D:1      | jimonade the Gnoll Hedge Wizard began the quest for the
                  | Orb.
     0 | D:1      | Reached XP level 1. HP: 13/13 MP: 8/8
   346 | D:1      | Reached XP level 2. HP: 19/19 MP: 6/10
  1073 | D:2      | Noticed Jessica
  1075 | D:2      | Killed Jessica
  1076 | D:2      | Reached skill level 1 in Invocations
  1076 | D:2      | Reached XP level 3. HP: 25/25 MP: 11/11
  1105 | D:2      | Found a faded altar of an unknown god.
  1112 | D:2      | Reached skill level 1 in Fighting
  1112 | D:2      | Reached skill level 1 in Short Blades
  1112 | D:2      | Reached skill level 1 in Long Blades
  1112 | D:2      | Reached skill level 1 in Axes
  1112 | D:2      | Reached skill level 1 in Maces & Flails
  1112 | D:2      | Reached skill level 1 in Polearms
  1112 | D:2      | Reached skill level 1 in Staves
  1112 | D:2      | Reached skill level 1 in Ranged Weapons
  1112 | D:2      | Reached skill level 1 in Throwing
  1112 | D:2      | Reached skill level 1 in Armour
  1112 | D:2      | Reached skill level 1 in Shields
  1112 | D:2      | Reached skill level 1 in Unarmed Combat
  1112 | D:2      | Reached skill level 1 in Evocations
  1400 | D:2      | Noticed Natasha
  1434 | D:2      | Reached XP level 4. HP: 32/32 MP: 8/13
  1544 | D:2      | Killed Natasha
  1545 | D:2      | Reached skill level 1 in Hexes
  1545 | D:2      | Reached skill level 1 in Necromancy
  1545 | D:2      | Reached skill level 1 in Transmutations
  1545 | D:2      | Reached skill level 1 in Fire Magic
  1545 | D:2      | Reached skill level 1 in Ice Magic
  1545 | D:2      | Reached skill level 1 in Air Magic
  1545 | D:2      | Reached skill level 1 in Earth Magic
  1545 | D:2      | Reached skill level 1 in Poison Magic
  1852 | D:2      | Noticed Natasha
  1862 | D:2      | Killed Natasha
  1943 | D:2      | Noticed Natasha
  1952 | D:2      | Killed Natasha
  1953 | D:2      | Reached XP level 5. HP: 6/37 MP: 9/14
  2587 | D:3      | Noticed Robin
  2758 | D:3      | Killed Robin
  3049 | D:3      | Noticed Terence
  3065 | D:3      | Killed Terence
  3140 | D:3      | Learned a level 2 spell: Blink
  3144 | D:3      | Learned a level 3 spell: Conjure Flame
  3148 | D:3      | Learned a level 3 spell: Mephitic Cloud
  3220 | D:3      | Found a sacrificial altar of Ru.
  3323 | D:3      | Found a runed translucent door.
  3324 | D:3      | Noticed Crazy Yiuf
  3335 | D:3      | Mangled by Crazy Yiuf

Illustrated notes

Levels and vault maps discovered:
D:1:      psy_arrival_conway, layout_basic, serial_park_tiny_2
D:2:      layout_basic, hellmonk_ecumenical_altar_blasted, uniq_jessica,
          uniq_natasha
D:3:      layout_loops_ring, overflow_temple_1_default, uniq_crazy_yiuf_cottage,
          uniq_terence, uniq_robin

Skill      XL: |  1  2  3  4  5 |
---------------+----------------+-----
Conjurations   | 2 |  2.5
Summonings     | 2 |  2.5
Translocations | 2 |  2.5
Invocations    | 1 2 |  2.0
Fighting       | 1 |  1.7
Short Blades   | 1 |  1.7
Long Blades    | 1 |  1.7
Axes           | 1 |  1.7
Maces & Flails | 1 |  1.7
Polearms       | 1 |  1.7
Staves         | 1 |  1.7
Ranged Weapons | 1 |  1.7
Throwing       | 1 |  1.7
Armour         | 1 |  1.7
Shields        | 1 |  1.7
Unarmed Combat | 1 |  1.7
Evocations     | 1 |  1.7
Hexes          | 1 |  1.3
Necromancy     | 1 |  1.3
Transmutations | 1 |  1.3
Fire Magic     | 1 |  1.3
Ice Magic      | 1 |  1.3
Air Magic      | 1 |  1.3
Earth Magic    | 1 |  1.3
Poison Magic   | 1 |  1.3
Dodging        | |  4.9
Stealth        | |  4.5
Spellcasting   | |  7.3

Action                   |  1- 3 |  4- 6 || total
-------------------------+-------+-------++-------
Melee: Dagger            |     2 |    13 ||    15
       Mace              |       |    23 ||    23
       Punch             |       |     1 ||     1
       Bite              |       |     1 ||     1
 Cast: Magic Dart        |    49 |    91 ||   140
 Stab: Sleeping          |     1 |       ||     1
Armor: Robe              |     1 |    10 ||    11
Dodge: Dodged            |     5 |    49 ||    54

Table legend: (Time is in decaauts)
 A = Elapsed time spent in this place.
 B = Non-inter-level travel time spent in this place.
 C = Inter-level travel time spent in this place.
 D = Time resting spent in this place.
 E = Time spent auto-exploring this place.
 F = Levels seen in this place.
 G = Mean time per level.
                   A        B        C        D        E       F      G
               +--------+--------+--------+--------+--------+-----+--------+
         Total |   3352 |   3210 |    142 |    756 |   1912 |   3 | 1117.3 |
       Dungeon |   3352 |   3210 |    142 |    756 |   1912 |   3 | 1117.3 |
               +--------+--------+--------+--------+--------+-----+--------+

Top non-repeatable levels by time:
     D:2: 1363 daAuts
     D:1: 1047 daAuts
     D:3: 941 daAuts
